 Dungeon Crawl Stone Soup version 0.17-a0-1078-g243345b (webtiles) character file.

10927 RobertPalmer the Carver (level 11, -4/90 HPs)
             Began as a Naga Chaos Knight on May 19, 2015.
             Slain by an orc knight
             ... wielding a +0 war axe
              (16 damage)
             ... on level 1 of the Orcish Mines.
             The game lasted 00:41:22 (13490 turns).

RobertPalmer the Carver (Naga Chaos Knight)        Turns: 13490, Time: 00:41:23

Health: -4/90      AC: 19    Str: 14    XL:     11   Next: 69%
Magic:  11/11      EV:  6    Int: 20    God:    Xom [....*.]
Gold:   844        SH:  3    Dex: 13    Spells: 0 memorised, 10 levels left

rFire  + . .     SeeInvis +     a - +2 scimitar (holy)
rCold  . . .     Clarity  .     g - +3 leather armour {rPois}
rNeg   . . .     SustAb   .     t - +0 buckler
rPois  +         Gourm    .     p - +2 helmet
rElec  .         Spirit   .     y - +1 cloak of Winter {+Blink Regen+ Int+3 Dex+3}
rCorr  .         Warding  .     (no gloves)
rMut   .         Stasis   .     E - +2 naga barding {Stlth+}
MR     +....                    o - amulet of rage {+Rage, !d}
Stlth  ++........               (no ring)
                                q - ring of protection from fire {rF+, !d}

@: very heavily drained, very slow, somewhat resistant to hostile enchantments,
unstealthy
A: see invisible, deformed body, poison resistance, slowness 2, slow metabolism
1, spit poison 2, AC +3
a: Spit Poison, Renounce Religion, Evoke Blink, Evoke Berserk Rage


You were on level 1 of the Orcish Mines.
You worshipped Xom.
You were a beloved toy of Xom.
You were not hungry.

You visited 2 branches of the dungeon, and saw 15 of its levels.
You also visited: Sewer.

You collected 1205 gold pieces.
You spent 361 gold pieces at shops.

Inventory:

Hand weapons
 a - a +2 scimitar of holy wrath (weapon)
   (You took it off Harold on level 3 of the Orcish Mines)
Missiles
 b - a curare-tipped needle
 v - 5 needles of sleeping
Armour
 d - a +0 helmet
   (You took it off Robin on level 4 of the Dungeon)
 g - a +3 leather armour of poison resistance (worn)
   (You found it on level 7 of the Dungeon)
 p - a +2 helmet (worn)
   (You found it on level 10 of the Dungeon)
 t - a +0 buckler (worn)
   (You found it on level 5 of the Dungeon)
 x - a troll hide {regen}
   (You found it on level 9 of the Dungeon)
 y - the +1 cloak of Winter (worn) {+Blink Regen+ Int+3 Dex+3}
   (You bought it in a shop on level 4 of the Dungeon)

   It affects your intelligence (+3).
   It affects your dexterity (+3).
   It lets you blink.
   It increases your rate of regeneration.
 E - a +2 naga barding of stealth (worn)
   (You acquired it on level 10 of the Dungeon)
Magical staves
 J - an uncursed staff of energy {unknown}
   (You found it on level 11 of the Dungeon)
Jewellery
 h - an uncursed amulet of clarity {Clar, !d}
   (You found it on level 8 of the Dungeon)
 i - a cursed amulet of inaccuracy
   (You found it on level 9 of the Dungeon)
 o - an amulet of rage (around neck) {+Rage, !d}
   (You found it on level 3 of the Dungeon)
 q - a ring of protection from fire (left hand) {rF+, !d}
   (You found it on level 3 of the Dungeon)
 u - an uncursed ring of ice {rC+, rF-}
   (You found it on level 5 of the Dungeon)
 G - an uncursed ring of teleport control {cTele, !d}
   (You took it off an orc on level 10 of the Dungeon)
Magical devices
 r - a wand of slowing (12)
   (You found it in a sewer)
 z - a wand of lightning (0)
   (You found it on level 8 of the Dungeon)
 B - a wand of heal wounds (3)
   (You found it on level 8 of the Dungeon)
 L - a wand of polymorph (7)
   (You found it on level 11 of the Dungeon)
Scrolls
 l - 4 scrolls of enchant weapon
 w - a scroll of identify
 K - a scroll of remove curse
Potions
 e - 3 potions of brilliance
 n - a potion of flight
 I - a potion of curing
Books
 j - a book of Debilitation
   (You found it on level 4 of the Dungeon)
Comestibles
 c - 8 bread rations {@e1}
 f - 13 meat rations {@e2}
 k - a royal jelly
 m - a beef jerky
 s - 2 slices of pizza


   Skills:
 - Level 3.0(0.0) Fighting
 - Level 11.5(3.7) Long Blades
 + Level 4.4(0.0) Armour
 - Level 8.7(1.4) Dodging
 - Level 7.1(0.1) Shields


You had 10 spell levels left.
You didn't know any spells.

Dungeon Overview and Level Annotations

Branches:
Dungeon (11/15)            Temple (0/1) D:7            Lair (0/8) D:8
    Orc (4/4) D:11            Elf (0/3) Orc:3

Altars:
Makhleb
Nemelex Xobeh
Okawaru
Ru
Trog
Zin

Shops:
D:4 [   D:7 !   Orc:2 (!?

Annotations:
D:9 TheEv's ghost, experienced TrTm
D:11 exclusion: Fannar, Fannar
Orc:3 Sonja


Innate Abilities, Weirdness & Mutations

You cannot wear boots.
Your serpentine skin is tough (AC +3).
You have supernaturally acute eyesight.
Armour fits poorly on your strangely shaped body.
Your system is resistant to poisons.
You cover ground very slowly.
You have a slow metabolism.
You can spit poison.


Message History

The orc warrior throws a tomahawk of returning.
The tomahawk of returning hits you but does no damage.
Things that are here:
a tomahawk of returning; a club You take 15 damage, and have 36/90 hp.
The orc knight roars a battlecry!
The orc goes into a battle-frenzy!
The orc sorcerer casts a spell.
The orc warrior throws a tomahawk of returning.
The tomahawk of returning hits you.
The weapon returns to the orc warrior!
You see here a mace.
You take 2 damage, and have 34/90 hp.
The orc warrior throws a tomahawk of returning.
The tomahawk of returning hits you but does no damage.
The weapon returns to the orc warrior!
The orc warrior throws a tomahawk of returning.
The tomahawk of returning barely misses you.
The weapon returns to the orc warrior!
The orc sorcerer casts a spell at you.
You easily resist.
The orc warrior throws a tomahawk of returning.
The tomahawk of returning hits you.
The weapon returns to the orc warrior!
You take 1 damage, and have 35/90 hp.
Unknown command.
The orc sorcerer mumbles some strange words.
The orc knight hits you but does no damage.
The ynoxinul gestures.
The orc sorcerer's eyes start to glow.
The ynoxinul gestures.
The orc warrior throws a tomahawk of returning.
The tomahawk of returning hits you.
The weapon returns to the orc warrior!
There is a stone staircase leading up, spattered with blood here.
You take 3 damage, and have 34/90 hp.
The orc knight hits you with a war axe. The orc barely misses you.
You climb upwards.
There is a stone staircase leading down here.
You take 1 damage, and have 33/90 hp.
The orc hits you but does no damage.
The orc knight roars a battlecry!
The orc goes into a battle-frenzy!
The orc knight hits you with a war axe! The orc hits you but does no damage.
There is a stone staircase leading up, spattered with blood here.
You take 6 damage, and have 30/90 hp.
Read which item? (? for menu, Esc to quit)
Okay, then.
Drink which item? (? for menu, Esc to quit)
Okay, then.
You block the orc's attack. The orc knight hits you with a war axe.
You climb upwards.
There is a stone staircase leading down here.
You take 1 damage, and have 29/90 hp.
Xom momentarily opens a gate.
The orc hits you but does no damage.
You hear Xom's avuncular chuckle.
The orc suddenly stops moving!
Your crimson imp blinks!
Your iron imp barely misses the orc knight.
Your ufetubus hits the orc. x2
The orc knight hits your iron imp with a war axe!
Your iron imp dies!
The orc knight hits your ufetubus with a war axe!
Your ufetubus dies!
The orc shouts!
You feel much better.
This wand has 3 charges left.
The orc knight barely misses you.
You regained 25 hp, and now have 57/90 hp.
Drink which item? (? for menu, Esc to quit)
Okay, then.
Aim: an orc knight, wielding a war axe and wearing a plate armour (lightly wounded)
The splash of poison hits the orc knight.
The orc knight appears unharmed.
You feel slightly more hungry.
Your crimson imp blinks!
You are alive.
You are short of breath.
Your life force is very heavily drained.
Your movement speed is very slow.
Your attack speed is quite slow.
You are somewhat resistant to hostile enchantments.
You feel unstealthy.
You closely miss the orc knight.
The orc knight hits you with a war axe!!
Your crimson imp hits the orc.
You take 17 damage, and have 41/90 hp.
Unknown command.
You slash the orc knight!
The orc knight hits you but does no damage.
Your crimson imp hits the orc.
The orc dies!
You slash the orc knight! The orc knight hits you with a war axe!
Your crimson imp blinks!
You take 6 damage, and have 35/90 hp.
You hit the orc knight but do no damage.
The orc knight hits you with a war axe.
You take 2 damage, and have 33/90 hp.
You hit the orc knight but do no damage.
You have got your breath back.
The orc knight hits you with a war axe!!
* * * LOW HITPOINT WARNING * * *
You take 22 damage, and have 11/90 hp.
MASSIVE DAMAGE!!
You hit the orc knight. The orc knight hits you with a war axe!
You die...
Xom roars with laughter!

... .....
.... ....# #
#..###...
#.#...#...##
...........#
....#......##
......#.....#
..#.....@..$#
........o..##
..#.....5..##
#.......>..#
.....#.....##
...........#
...........#
.......^..##
..........#


You could see an orc knight and a friendly crimson imp.

Vanquished Creatures
  Harold (Orc:3)
  Pikel (D:5)
  An ugly thing (D:11)
  A troll (D:9)
  A two-headed ogre (D:9)
  A trapdoor spider zombie (D:9)
  4 hungry ghosts
  3 deep elf magi
  A wraith (D:10)
  A hippogriff (D:8)
  4 wargs
  2 water moccasins
  Duvessa (D:4)
  An ice beast (D:11)
  A black bear (D:8)
  2 orc warriors
  2 sky beasts
  A slave (D:5)
  9 ogres
  8 necrophages
  3 centaurs
  2 eyes of draining (D:11)
  2 phantoms (D:11)
  A tengu (D:7)
  Blork the orc (D:6)
  9 giant frogs
  A big kobold (D:11)
  4 scorpions
  3 killer bees (D:10)
  A troll zombie (D:11)
  5 wights (D:8)
  3 electric eels (D:9)
  A centaur zombie (D:8)
  10 crimson imps
  A gnoll shaman (D:3)
  11 orc priests
  4 jellies
  18 orc wizards
  4 hounds
  A centaur skeleton (D:6)
  2 giant frog skeletons
  An iron imp (D:10)
  An iguana (D:7)
  6 worker ants
  5 ogre zombies (D:11)
  2 worker ant zombies
  2 mummies (D:8)
  Robin (D:4)
  9 adders
  11 gnolls
  A river rat (D:6)
  A shadow imp (D:8)
  An adder zombie (D:8)
  6 worms
  2 adder skeletons
  12 giant geckos
  81 orcs
  9 bats
  A bat skeleton (D:4)
  A bat zombie (D:8)
  12 giant cockroaches
  22 hobgoblins
  10 jackals
  A quokka (D:3)
  A quokka (shapeshifter) (D:6)
  3 ball pythons
  17 giant newts
  27 goblins
  A goblin skeleton (D:11)
  A goblin zombie (D:11)
  2 hobgoblin zombies (D:11)
  A jackal skeleton (D:7)
  A jackal zombie (D:8)
  19 kobolds
  15 orc zombies (D:11)
  19 rats
438 creatures vanquished.

Vanquished Creatures (collateral kills)
  An orc sorcerer (Orc:4)
  A giant frog (D:10)
  A crimson imp (D:7)
  6 orcs
  A giant newt (Orc:4)
10 creatures vanquished.

Vanquished Creatures (others)
  2 slaves (D:5)
  An iron imp (Orc:1)
  2 shadow imps
  2 ufetubi
  A hobgoblin (D:5)
  A giant newt (D:5)
  A quokka (D:8)
  A plant (D:9)
11 creatures vanquished.

Grand Total: 459 creatures vanquished

Notes
Turn   | Place    | Note
--------------------------------------------------------------
     0 | D:1      | RobertPalmer the Naga Chaos Knight began the quest for the Orb.
     0 | D:1      | Reached XP level 1. HP: 21/21 MP: 1/1
   201 | D:1      | XOM: harmless Conj miscast
   257 | D:1      | Reached XP level 2. HP: 21/28 MP: 2/2
   549 | D:1      | Reached skill level 4 in Long Blades
   600 | D:1      | Reached XP level 3. HP: 24/34 MP: 3/3
   818 | D:1      | XOM: harmless Necr miscast
   840 | D:1      | XOM: harmless Pois miscast
  1008 | D:1      | XOM: mild Hex miscast
  1084 | D:2      | XOM: medium Chrm miscast
  1114 | D:2      | XOM: polymorph goblin -> gnoll
  1237 | D:2      | Reached XP level 4. HP: 35/42 MP: 4/4
  1284 | D:2      | Reached skill level 5 in Long Blades
  1364 | D:2      | XOM: harmless Pois miscast
  1422 | D:2      | XOM: colour smoke trail
  1589 | D:3      | Found an iron altar of Okawaru.
  1738 | D:3      | Found a bloodstained altar of Trog.
  1747 | D:3      | XOM: give mutation
  1747 | D:3      | Gained mutation: Your muscles are strong. (Str +2) [Xom's grace]
  1760 | D:3      | HP: 9/42 [gnoll shaman/whip (6)]
  1769 | D:3      | Reached XP level 5. HP: 37/49 MP: 5/5
  2063 | D:3      | Reached skill level 6 in Long Blades
  2760 | D:4      | Noticed an ogre
  2765 | D:4      | XOM: noise
  2771 | D:3      | Reached XP level 6. HP: 45/56 MP: 6/6
  2796 | D:3      | XOM: blink monster(s)
  2932 | D:4      | Found Ucijuicku's Armour Shop.
  2946 | D:4      | XOM: mild Trmt miscast
  3094 | D:4      | Noticed an ogre
  3108 | D:4      | XOM: noise
  3110 | D:4      | Killed an ogre
  3110 | D:4      | Reached skill level 7 in Long Blades
  3178 | D:4      | XOM: mild Erth miscast
  3219 | D:4      | Noticed Duvessa
  3221 | D:4      | Noticed Dowan
  3221 | D:4      | XOM: chaos cloud
  3227 | D:4      | XOM: harmless Pois miscast
  3228 | D:4      | Noticed Dowan
  3228 | D:4      | Dowan changed into Dowan the worm
  3228 | D:4      | XOM: polymorph Dowan -> Dowan the worm
  3231 | D:4      | Killed Duvessa
  3231 | D:4      | Reached XP level 7. HP: 28/62 MP: 7/7
  3238 | D:4      | Killed Dowan the worm
  3328 | D:4      | HP: 15/62 [ogre/giant spiked club (10)]
  3330 | D:4      | Killed an ogre
  3330 | D:4      | Reached skill level 8 in Long Blades
  3958 | D:4      | XOM: silly message
  4126 | D:4      | Noticed Robin
  4141 | D:4      | Killed Robin
  4174 | D:5      | XOM: stealth player
  4174 | D:5      | Entered Level 5 of the Dungeon
  4220 | D:5      | Found a sparkling altar of Nemelex Xobeh.
  4503 | D:5      | Reached skill level 1 in Shields
  4530 | D:5      | Noticed Pikel
  4548 | D:5      | XOM: enchant monster (good)
  4586 | D:5      | XOM: cast spell 'Metabolic Englaciation'
  4588 | D:5      | XOM: divination: magic mapping
  4590 | D:5      | XOM: potion effect (brilliance)
  4603 | D:5      | HP: 12/62 [Pikel/whip of freezing (7)]
  4605 | D:5      | XOM: cast spell 'Excruciating Wounds'
  4611 | D:5      | XOM: confuse monster(s)
  4612 | D:5      | HP: 6/62 [Pikel/whip of freezing (5)]
  4614 | D:5      | Killed Pikel
  4614 | D:5      | Reached skill level 4 in Shields
  4614 | D:5      | Reached XP level 8. HP: 4/69 MP: 8/8
  4625 | D:5      | XOM: divination: magic mapping
  4779 | D:5      | XOM: harmless Trmt miscast
  5348 | D:5      | XOM: god gift: 5 needles of sleeping
  5394 | D:5      | Reached skill level 5 in Shields
  5661 | D:6      | Reached skill level 6 in Shields
  5717 | D:6      | Found a glowing drain.
  5721 | Sewer    | Entered a sewer
  5864 | Sewer    | XOM: 1-stop teleportation journey
  5996 | Sewer    | XOM: divination: detect creatures
  6004 | Sewer    | Reached XP level 9. HP: 75/75 MP: 9/9
  6190 | D:6      | XOM: cast spell 'Summon Small Mammal'
  6544 | D:6      | Noticed Blork the orc
  6552 | D:6      | Killed Blork the orc
  6552 | D:6      | Reached skill level 7 in Shields
  6792 | D:7      | Noticed Joseph
  6796 | D:7      | XOM: smoke on damage
  6798 | D:7      | Noticed Joseph
  6798 | D:7      | Joseph changed into Joseph the tengu
  6798 | D:7      | XOM: polymorph Joseph -> Joseph the tengu
  6806 | D:7      | Killed Joseph the tengu
  6882 | D:7      | XOM: mild Chrm miscast
  6900 | D:7      | Found Famaghy's Distillery.
  7028 | D:7      | XOM: harmless Air miscast
  7085 | D:7      | Reached skill level 9 in Long Blades
  7218 | D:7      | Found a staircase to the Ecumenical Temple.
  7372 | D:8      | XOM: repel stairs
  7490 | D:8      | XOM: torment (39/75 hp)
  7735 | D:8      | XOM: chaos cloud
  7747 | D:8      | XOM: mild Trmt miscast
  7795 | D:8      | XOM: vitrification
  7802 | D:8      | XOM: smoke on damage
  7804 | D:8      | XOM: fake destruction
  7818 | D:8      | XOM: cast spell 'Summon Small Mammal'
  7827 | D:8      | Reached skill level 10 in Long Blades
  8015 | D:8      | XOM: god gift: black book {god gift}
  8016 | D:8      | Identified Xom's Volume of Untold Secrets (Xom gifted it to you on level 8 of the Dungeon)
  8087 | D:8      | XOM: chaos cloud
  8099 | D:8      | HP: 17/69 [black bear (2)]
  8103 | D:8      | HP: 5/69 [black bear (5)]
  8103 | D:8      | HP: 2/69 [black bear (3)]
  8107 | D:8      | Reached skill level 11 in Long Blades
  8107 | D:8      | Reached XP level 10. HP: 20/84 MP: 10/10
  8108 | D:8      | HP: 18/84 [bat zombie (1)]
  8197 | D:8      | XOM: 2-stop teleportation journey
  8232 | D:8      | XOM: mild Air miscast
  8314 | D:8      | XOM: summons 1 hostile demon
  8433 | D:7      | XOM: blink monster(s)
  8440 | D:7      | XOM: summons friendly shadow imp
  8532 | D:7      | XOM: mild Fire miscast
  8597 | D:5      | XOM: scenery: 1 doors close
  8622 | D:4      | Bought the +1 cloak of Winter {+Blink Regen+ Int+3 Dex+3} for 361 gold pieces
  8856 | D:8      | Reached skill level 1 in Dodging
  8914 | D:8      | XOM: silly message
  8927 | D:8      | XOM: harmless Pois miscast
  8978 | D:8      | Reached skill level 2 in Dodging
  9059 | D:8      | Found a staircase to the Lair.
  9069 | D:8      | XOM: noise
  9071 | D:8      | XOM: mild Ice miscast
  9100 | D:8      | Reached skill level 3 in Dodging
  9362 | D:8      | XOM: noise
  9375 | D:8      | Reached skill level 4 in Dodging
  9513 | D:8      | Noticed a green death
  9514 | D:8      | Found a burning altar of Makhleb.
  9516 | D:8      | Found a glowing silver altar of Zin.
  9519 | D:8      | Noticed an angel
  9578 | D:8      | XOM: medium Fire miscast
  9723 | D:9      | Reached skill level 5 in Dodging
  9888 | D:9      | XOM: cast spell 'Metabolic Englaciation'
  9985 | D:9      | Noticed TheEv's ghost (experienced TrTm)
 10034 | D:9      | XOM: mild Summ miscast
 10058 | D:9      | HP: 17/84 [deep elf mage/stone arrow (19)]
 10173 | D:9      | Reached skill level 6 in Dodging
 10365 | D:9      | XOM: confuse monster(s)
 10445 | D:9      | XOM: enchant monster (good)
 10459 | D:10     | Entered Level 10 of the Dungeon
 10471 | D:10     | XOM: summons 1 hostile demon
 10513 | D:10     | Identified a scroll of acquirement
 10581 | D:10     | XOM: enchant monster (good)
 10612 | D:10     | Reached XP level 11. HP: 87/90 MP: 11/11
 10633 | D:10     | XOM: god gift: 6 meat rations
 10656 | D:10     | Reached skill level 7 in Dodging
 10878 | D:10     | XOM: 1-stop teleportation journey
 10889 | D:10     | XOM: summons 11 friendly demons
 10951 | D:10     | Found a sacrificial altar of Ru.
 11099 | D:10     | XOM: stat loss: -1 Int (19/20)
 11108 | D:10     | XOM: polymorph bat -> orc
 11317 | D:11     | XOM: mild Divn miscast
 11337 | D:11     | Found a staircase to the Orcish Mines.
 11517 | D:11     | Reached skill level 8 in Dodging
 11561 | D:11     | Noticed Fannar
 11680 | D:11     | XOM: enchant monster (bad)
 11834 | D:11     | XOM: noise
 11842 | D:11     | XOM: chaos cloud
 11866 | D:11     | XOM: silly message
 11905 | D:11     | HP: 13/90 [ogre/giant club (24)]
 11905 | D:11     | XOM: butterfly on damage
 12123 | D:11     | Noticed a hill giant
 12132 | Orc:1    | Entered Level 1 of the Orcish Mines
 12239 | Orc:2    | Found Etesyoh's Distillery.
 12269 | Orc:2    | Reached skill level 2 in Armour
 12344 | Orc:2    | Found Jyghidd's Weapon Shop.
 12385 | Orc:2    | Found Puamna's Magic Scroll Boutique.
 12716 | Orc:3    | Found a staircase to the Elven Halls.
 12732 | Orc:3    | Reached skill level 3 in Armour
 12856 | Orc:3    | Noticed Harold
 12883 | Orc:3    | Killed Harold
 12883 | Orc:3    | Reached skill level 4 in Armour
 13066 | Orc:3    | Noticed Sonja
 13110 | Orc:3    | XOM: chaos cloud
 13118 | Orc:3    | XOM: blink monster(s)
 13118 | Orc:3    | Noticed Sonja
 13118 | Orc:3    | Sonja changed into Sonja the raiju
 13179 | Orc:3    | Lost mutation: Your muscles are strong. (Str +2) [potion of cure mutation]
 13182 | Orc:3    | XOM: harmless Hex miscast
 13207 | Orc:3    | Noticed an orc knight
 13208 | Orc:3    | XOM: summons 5 hostile shadow creatures
 13214 | Orc:3    | HP: 22/90 [orc/trident[Xom] (10)]
 13218 | Orc:4    | Entered Level 4 of the Orcish Mines
 13227 | Orc:4    | XOM: summons friendly shadow imp
 13240 | Orc:4    | Paralysed by an orc sorcerer for 7 turns
 13242 | Orc:4    | XOM: blink monster(s)
 13253 | Orc:4    | XOM: polymorph orc -> giant newt
 13399 | Orc:4    | Noticed a stone giant
 13449 | Orc:4    | XOM: confuse monster(s)
 13480 | Orc:1    | XOM: summons 3 friendly demons
 13481 | Orc:1    | XOM: enchant monster (good)
 13489 | Orc:1    | HP: 11/90 [orc knight/war axe (23)]
 13490 | Orc:1    | Slain by an orc knight

Vault maps used:
D:1:      minmay_arrival_stair_chambers
D:3:      bloody_trog, okawaru_metal_pillars_3
D:4:      serial_shops, shop, uniq_duvessa, uniq_robin
D:5:      basic_altar, first_bread, uniq_pikel
D:6:      gup_sewer_entry_spiral, uniq_blork_the_orc
D:7:      wad_crossroads, temple_hall, serial_shops, nicolae_shop_stone,
          uniq_joseph
D:8:      grunt_temple_overflow_order_and_chaos_2, erik_lair_orcish_takeover,
          serial_undead, serial_undead_b, serial_undead_b, serial_undead_e,
          serial_undead_d, serial_undead_b, serial_undead_b
D:9:      serial_bayou, serial_bayou_pond_a, serial_bayou_pond_a,
          serial_bayou_pond_b, serial_bayou_ford_a, serial_bayou_lake_a
D:10:     basic_altar
D:11:     minmay_distorted_concentric_squares, zombieorc1_lemuel, uniq_fannar
Orc:2:    serial_shops, shop_scrolls, shop, shop
Orc:3:    nicolae_orc_pool_cavern, uniq_sonja, uniq_harold
Orc:4:    grunt_orc_tribal_feast, basic_altar
Sewer:    sewer_frog_island_01

Action                   |  1- 3 |  4- 6 |  7- 9 | 10-12 || total
-------------------------+-------+-------+-------+-------++-------
Melee: Falchion          |   127 |   168 |   558 |    95 ||   948
       Scimitar          |       |       |    27 |   440 ||   467
       Long sword        |       |       |       |   520 ||   520
Throw: Throwing net      |       |       |     2 |     1 ||     3
       Javelin           |       |       |    69 |       ||    69
 Abil: Spit Poison       |       |     7 |     4 |    42 ||    53
       Evoke Berserk Rag |       |       |       |     1 ||     1
Evoke: Wand              |       |       |     1 |     7 ||     8
  Use: Scroll            |     1 |     4 |    18 |    12 ||    35
       Potion            |       |     2 |     7 |    10 ||    19
 Stab: Paralysed         |       |     1 |    11 |       ||    12
       Invisible         |       |       |     1 |     3 ||     4
       Petrifying        |       |       |     1 |       ||     1
       Confused          |       |       |     1 |       ||     1
       Sleeping          |       |       |       |     7 ||     7
       Distracted        |       |       |       |     1 ||     1
  Eat: Chunk             |     1 |     5 |    14 |    22 ||    42
       Pizza             |       |       |       |     1 ||     1

Vault maps used:
D:1:      minmay_arrival_stair_chambers
D:3:      bloody_trog, okawaru_metal_pillars_3
D:4:      serial_shops, shop, uniq_duvessa, uniq_robin
D:5:      basic_altar, first_bread, uniq_pikel
D:6:      gup_sewer_entry_spiral, uniq_blork_the_orc
D:7:      wad_crossroads, temple_hall, serial_shops, nicolae_shop_stone,
          uniq_joseph
D:8:      grunt_temple_overflow_order_and_chaos_2, erik_lair_orcish_takeover,
          serial_undead, serial_undead_b, serial_undead_b, serial_undead_e,
          serial_undead_d, serial_undead_b, serial_undead_b
D:9:      serial_bayou, serial_bayou_pond_a, serial_bayou_pond_a,
          serial_bayou_pond_b, serial_bayou_ford_a, serial_bayou_lake_a
D:10:     basic_altar
D:11:     minmay_distorted_concentric_squares, zombieorc1_lemuel, uniq_fannar
Orc:2:    serial_shops, shop_scrolls, shop, shop
Orc:3:    nicolae_orc_pool_cavern, uniq_sonja, uniq_harold
Orc:4:    grunt_orc_tribal_feast, basic_altar
Sewer:    sewer_frog_island_01

Table legend:
 A = Turns spent in this place as a percentage of turns spent in the entire game.
 B = Non-inter-level travel turns spent in this place as a percentage of non-inter-level travel turns spent in the entire game.
 C = Inter-level travel turns spent in this place as a percentage of turns spent in this place.
 D = Turns resting spent in this place as a percentage of non-inter-level travel turns spent in this place.
 E = Turns spent auto-exploring this place as a percentage of non-inter-level travel turns spent in this place.
 F = Non-inter-level travel turns spent in this place divided by the number of levels of this place that you've seen.
                   A       B       C       D       E      F
               +-------+-------+-------+-------+-------+----------------------
         Total | 100.0 | 100.0 |   0.4 |   1.7 |   7.1 | 394.2
       Dungeon |  81.3 |  81.3 |   0.4 |   1.7 |   7.4 | 466.4
  Orcish Mines |  15.0 |  14.9 |   0.4 |   1.5 |   6.4 | 235.8
         Sewer |   3.7 |   3.7 |   0.0 |   1.3 |   4.3 | 235.0
               +-------+-------+-------+-------+-------+----------------------

Table legend:
 A = Kills in this place as a percentage of kills in entire the game.
 B = Kills by you in this place as a percentage of kills by you in the entire game.
 C = Kills by friends in this place as a percentage of kills by friends in the entire game.
 D = Other kills in this place as a percentage of other kills in the entire game.
 E = Experience gained in this place as a percentage of experience gained in the entire game.
 F = Experience gained in this place divided by the number of levels of this place that you have seen.
                   A       B       C       D       E      F
               +-------+-------+-------+-------+-------+----------------------
         Total | 100.0 | 100.0 | 100.0 | 100.0 | 100.0 | 975.7
       Dungeon |  77.1 |  78.1 |  40.0 |   0.0 |  81.7 | 1159.2
  Orcish Mines |  18.7 |  17.7 |  60.0 |   0.0 |  16.9 | 660.2
         Sewer |   4.3 |   4.1 |   0.0 | 100.0 |   1.4 | 219.0
               +-------+-------+-------+-------+-------+----------------------
